 Dungeon Crawl Stone Soup version 0.23-a0-629-gae4348f (webtiles) character file.

239 wazuzu the Cudgeler (level 6, -6/48 HPs)
             Began as a Vine Stalker Monk on Dec 25, 2018.
             Mangled by Pikel
             ... wielding a +0 whip of electrocution
              (17 damage)
             ... on level 4 of the Dungeon.
             The game lasted 00:06:47 (3437 turns).

wazuzu the Cudgeler (Vine Stalker Monk)             Turns: 3437, Time: 00:06:47

Health: -6/48      AC: 23    Str: 20    XL:     6   Next: 7%
Magic:  0/7        EV:  2    Int: 12    God:
Gold:   163        SH:  0    Dex: 16    Spells: 5/5 levels left

rFire    . . .     SeeInvis .   (no weapon)
rCold    . . .     Gourm    .   (no shield)
rNeg     + + +     Faith    .   (armour currently unavailable)
rPois    +         Spirit   +   (helmet currently unavailable)
rElec    .         Reflect  .   (cloak currently unavailable)
rCorr    .         Harm     .   (gloves currently unavailable)
MR       .....     NoTele   +   (boots currently unavailable)
Stlth    +++.......             (no amulet)
HPRegen  0.56/turn              h - +6 ring of strength
MPRegen  0.10/turn              (no ring)

@: tree-form
A: regeneration 1, magic shield, no potion heal 3, rot immunity
a: no special abilities


You were on level 4 of the Dungeon.
You were not hungry.
You were a tree.
You visited 1 branch of the dungeon, and saw 4 of its levels.

You collected 163 gold pieces.

Inventory:

Hand Weapons
 a - a +0 mace
Missiles
 k - 58 stones (quivered)
Armour
 b - a +0 ring mail (melded)
 g - a +1 helmet (melded)
Jewellery
 h - a +6 ring of strength (left branch)
Scrolls
 j - 2 scrolls of random uselessness {unknown}
 l - 3 scrolls of identify
 m - a scroll of amnesia {unknown}
 p - 3 scrolls of fear {unknown}
 q - a scroll of teleportation {unknown}
 s - a scroll of enchant weapon {unknown}
Potions
 d - a potion of might {unknown}
 e - 2 potions of brilliance {unknown}
 f - a potion of lignification
 i - a potion of mutation {unknown}
 n - a potion of flight {unknown}
 o - 2 potions of heal wounds {unknown}
 r - a potion of invisibility {unknown}
 u - 2 potions of curing
 v - a potion of resistance {unknown}
Comestibles
 c - 8 rations
 t - 3 chunks of flesh


   Skills:
 - Level 2.6 Fighting
 + Level 5.1 Maces & Flails
 - Level 2.4 Dodging
 * Level 5.0 Stealth


You had 5 spell levels left.
You didn't know any spells.
Your spell library was empty.

Dungeon Overview and Level Annotations

Branches:
Dungeon (4/15)
 Temple: D:4-7

Altars:
Wu Jian

Annotations:
D:4 Pikel


Innate Abilities, Weirdness & Mutations

((You have extremely sharp teeth.))
Your natural rate of healing is unusually fast.
When hurt, damage is shared between your health and your magic reserves.
((Your bite disrupts and absorbs the magic of your enemies.))
Potions cannot restore your health.
You are immune to rotting.


Message History

Pikel is lightly wounded!
The slave hits you but does no damage! x2
Pikel hits you with a +0 whip of electrocution!
You are electrocuted!!! * * * don't die
* * * You thrash Pikel!!!
Pikel is heavily wounded!
The slave hits you but does no damage! x3; Pikel drinks a potion!
Pikel is healed!!!
You thrash Pikel but do no damage!
Pikel is heavily wounded!
The slave hits you but does no damage! x2
Pikel hits you with a +0 whip of electrocution! * * * don't die
* * * The slave hits you but does no damage!
You barely miss Pikel!
Pikel is heavily wounded!
The slave hits you but does no damage! x3; Pikel hits you but does no damage!
You are electrocuted!!! rip

#########
##...#...##
##.........##
#...........#
#........pK.#
#..).....p♣.#
##.......p.##
#####.......##
##..)......#.#
#(.#####.#.#.#
#.## #.#....
###.# #.##....
##...#
#.........
...###
#.........


You could see Pikel and 3 slaves.

Vanquished Creatures
  A slave (D:3)
  A howler monkey (D:3)
  2 orc priests
  5 adders
  2 oozes
  3 dart slugs
  A leopard gecko (D:3)
  4 orcs
  2 ball pythons (D:1)
  10 bats
  2 giant cockroaches
  6 goblins
  8 hobgoblins
  6 jackals
  2 quokkas
  3 frilled lizards
  9 kobolds
  9 rats
76 creatures vanquished.

Notes
Turn   | Place    | Note
-------+----------+-------------------------------------------
     0 | D:1      | wazuzu the Vine Stalker Monk began the quest for the Orb.
     0 | D:1      | Reached XP level 1. HP: 11/11 MP: 2/2
   122 | D:1      | Reached XP level 2. HP: 9/16 MP: 3/3
   706 | D:1      | Reached XP level 3. HP: 16/19 MP: 2/4
  1902 | D:2      | Found an ornate altar of the Wu Jian Council.
  2012 | D:2      | Gained mutation: Your natural rate of healing is unusually
                  | fast. [Vine Stalker growth]
  2012 | D:2      | Reached XP level 4. HP: 20/23 MP: 3/5
  2869 | D:3      | Reached XP level 5. HP: 25/27 MP: 6/6
  3240 | D:3      | Reached skill level 5 in Maces & Flails
  3348 | D:4      | Reached skill level 5 in Stealth
  3348 | D:4      | Reached XP level 6. HP: 23/32 MP: 7/7
  3382 | D:4      | Noticed a slave
  3382 | D:4      | Noticed a slave
  3382 | D:4      | Noticed a slave
  3383 | D:4      | Noticed Pikel
  3419 | D:3      | Killed a slave
  3430 | D:4      | Noticed a slave
  3437 | D:4      | Mangled by Pikel

Vault maps used:
D:1:      dpeg_arrival_oval
D:2:      nicolae_overflow_hidden_temple, minmay_curled_crystal
D:3:      skrybe_limestone_x
D:4:      first_ration, uniq_pikel, uniq_blork_the_orc

Skill      XL: |  1  2  3  4  5 |
---------------+----------------+-----
Maces & Flails | 3 4 5 |  5.1
Stealth        | 3 5 |  5.0
Fighting       | |  2.6
Dodging        | |  2.4

Action                   |  1- 3 |  4- 6 || total
-------------------------+-------+-------++-------
Melee: Mace              |    92 |   121 ||   213
       Bite              |    14 |    30 ||    44
       Unarmed           |       |     5 ||     5
  Use: Scroll            |       |     1 ||     1
       Potion            |       |     1 ||     1
 Stab: Sleeping          |     9 |     5 ||    14
  Eat: Chunk             |     3 |     5 ||     8
Armor: Robe              |    21 |    11 ||    32
       Scale mail        |       |     6 ||     6
       Ring mail         |       |    17 ||    17
       Skin              |       |    16 ||    16
Dodge: Dodged            |    57 |    90 ||   147

Table legend:
 A = Non-vault XP
 B = Vault XP
 C = Vault XP percentage of total XP
 D = Non-vault monster count
 E = Vault monster count
 F = Vault count percentage of total count
                 A         B        C        D         E       F
            +---------+---------+-------+---------+---------+-------
      Total |     342 |       0 |   0.0 |      75 |       0 |   0.0
            +---------+---------+-------+---------+---------+-------
        D:1 |      44 |       0 |   0.0 |      25 |       0 |   0.0
        D:2 |      90 |       0 |   0.0 |      26 |       0 |   0.0
        D:3 |     164 |       0 |   0.0 |      23 |       0 |   0.0
        D:4 |      44 |       0 |   0.0 |       1 |       0 |   0.0
            +---------+---------+-------+---------+---------+-------
